 Dungeon Crawl Stone Soup version 0.29-a0-330-g52719c12eb (webtiles) character file.

Game seed: 7781215415978046085

315 Anon1729 the Ducker (level 6, 0/50 HPs)
             Began as a Merfolk Monk on May 21, 2022.
             Was a Priest of the Shining One.
             Slain by a gnoll
             ... wielding a +0 club
              (1 damage)
             ... on level 4 of the Dungeon.
             The game lasted 00:02:12 (3101 turns).

Anon1729 the Ducker (Merfolk Monk)                  Turns: 3101, Time: 00:02:13

Health: 0/50       AC:  8    Str: 12    XL:     6   Next: 43%
Magic:  4/7        EV: 14    Int:  9    God:    the Shining One [***...]
Gold:   159        SH:  6    Dex: 18    Spells: 5/5 levels left

rFire   + . .      SeeInvis .   n - +0 long sword
rCold   + . .      Faith    .   (no shield)
rNeg    + . .      Spirit   .   d - +0 leather armour
rPois   +          Reflect  .   (no helmet)
rElec   +          Harm     .   j - +0 cloak
rCorr   +          Rampage  .   (no gloves)
Will    .....                   (no boots)
Stlth   +.........              (no amulet)
HPRegen 0.16/turn               i - +4 ring of protection
MPRegen 0.10/turn               (no ring)

@: divinely shielded, resistant, glowing
A: (nimble swimmer 2), mertail
a: Renounce Religion, Divine Shield, Cleansing Flame


You were on level 4 of the Dungeon.
You worshipped the Shining One.
The Shining One was most pleased with you.
You visited 1 branch of the dungeon, and saw 4 of its levels.

You collected 159 gold pieces.

Inventory:

Hand Weapons
 a - a +0 falchion
 n - a +0 long sword (weapon)
Armour
 b - a +0 robe
 d - a +0 leather armour (worn)
 j - a +0 cloak (worn)
Jewellery
 i - a +4 ring of protection (left hand)
Scrolls
 e - a scroll of amnesia {unknown}
 f - 3 scrolls of identify {unknown}
 g - 3 scrolls of teleportation {unknown}
 k - a scroll of summoning {unknown}
 q - a scroll of magic mapping {unknown}
Potions
 c - a potion of ambrosia
 h - a potion of flight {unknown}
 l - a potion of curing {unknown}
 m - 2 potions of resistance
 o - a potion of brilliance {unknown}
 p - a potion of cancellation {unknown}


   Skills:
 + Level 4.8 Fighting
 + Level 5.2 Long Blades
 + Level 5.7 Dodging
 - Level 3.3 Stealth
 + Level 2.1 Invocations


You had 5 spell levels left.
You didn't know any spells.
Your spell library contained the following spells:

 Spells                   Type           Power      Damage    Failure   Level
 Magic Dart               Conj           0%         1d3       45%         1
 Searing Ray              Conj           0%         2d4       61%         2
 Stone Arrow              Conj/Erth      0%         3d7       83%         3
 Animate Armour           Summ/Erth      0%         N/A       99%         4
 Fulminant Prism          Conj/Hex       0%         3d6       99%         4
 Lehudib's Crystal Spear  Conj/Erth      0%         10d2      100%        8


Dungeon Overview and Level Annotations

Branches:
Dungeon (4/15)             Temple (0/1) D:4

Altars:
The Shining One


Innate Abilities, Weirdness & Mutations

((You are very nimble when in or above water. (Stealth+, EV+, Speed+++)))
Your lower body shifts to a powerful aquatic tail in water.


Message History

The gnoll is severely wounded.
The gnoll misses you.
You barely miss the gnoll.
The gnoll is severely wounded.
The gnoll barely misses you.
You slash the gnoll!
You kill the gnoll!
The gnoll closely misses you. The gnoll barely misses you.
Things that are here:
a +0 club; 16 gold pieces You hit the gnoll.
The gnoll is lightly wounded.
The gnoll hits you with a +0 spear. The gnoll closely misses you.
You hit the gnoll.
The gnoll is heavily wounded.
The gnoll hits you with a +0 spear. The gnoll closely misses you.
You hit the gnoll but do no damage. You punch the gnoll.
The gnoll is severely wounded.
The gnoll misses you. The gnoll barely misses you.
The gnoll hits you from afar with a +0 halberd.
The gnoll closely misses you.
You slash the gnoll!
You kill the gnoll!
The gnoll hits you from afar with a +0 halberd.
* * * LOW HITPOINT WARNING * * *
A divine shield forms around you! The gnoll closely misses you.
You block the gnoll's attack.
You barely miss the gnoll. The gnoll misses you.
The gnoll hits you but does no damage.
A kobold comes into view. It is wielding a +0 whip.
The kobold shouts!
You slash the gnoll!
The gnoll is severely wounded.
The gnoll hits you from afar with a +0 halberd!
* * * LOW HITPOINT WARNING * * *
You block the gnoll's attack.
It was a potion of resistance.
You feel protected. The gnoll hits you with a +0 club.
You die...

........................
........................
........................
........................
........................
.......................
.............#g.......
............#g######.
############@# #.# #...#
#.#.. #.#.#. # #.#.# #.#
# #.. .?.


You could see 2 gnolls.

Vanquished Creatures
  A black bear (D:4)
  2 hounds (D:4)
  An iguana (D:4)
  2 gnolls (D:4)
  5 adders
  A worm (D:3)
  4 dart slugs
  4 orcs (D:4)
  4 ball pythons
  3 endoplasms
  2 giant cockroaches
  3 goblins
  6 hobgoblins
  4 jackals (D:1)
  3 quokkas
  4 frilled lizards
  7 kobolds
  9 rats
65 creatures vanquished.

Notes
Turn   | Place    | Note
-------+----------+-------------------------------------------
     0 | D:1      | Anon1729 the Merfolk Monk began the quest for the Orb.
     0 | D:1      | Reached XP level 1. HP: 18/18 MP: 1/1
   177 | D:1      | Reached XP level 2. HP: 18/24 MP: 2/2
  1134 | D:2      | Reached XP level 3. HP: 30/30 MP: 3/3
  1551 | D:2      | Found a faded altar of an unknown god.
  1769 | D:2      | Prayed at the altar of an unknown god.
  1769 | D:2      | Became a worshipper of the Shining One
  1769 | D:2      | Reached * piety under the Shining One
  1769 | D:2      | Reached ** piety under the Shining One
  2125 | D:3      | Reached XP level 4. HP: 34/37 MP: 4/4
  2433 | D:3      | Reached skill level 5 in Dodging
  2437 | D:3      | Reached *** piety under the Shining One
  2891 | D:4      | Reached XP level 5. HP: 42/42 MP: 5/5
  3031 | D:4      | Found a staircase to the Ecumenical Temple.
  3059 | D:4      | Noticed a black bear
  3067 | D:4      | Reached skill level 1 in Invocations
  3071 | D:4      | Killed a black bear
  3072 | D:4      | Reached skill level 5 in Long Blades
  3072 | D:4      | Reached XP level 6. HP: 19/49 MP: 5/7
  3100 | D:4      | HP: 1/50 [gnoll/+0 halberd (9)]
  3101 | D:4      | Slain by a gnoll

Illustrated notes

Levels and vault maps discovered:
D:1:      minmay_arrival_widening_spiral_wide, layout_loops_cross
D:2:      layout_basic, hellmonk_ecumenical_altar_zigzags
D:3:      layout_loops_ring, hangedman_decor_opposing, nrook_uturn
D:4:      layout_basic, minmay_temple_entry_gardened_gates, dk_noncrumbling_4

Skill      XL: |  1  2  3  4  5  6 |
---------------+-------------------+-----
Long Blades    | 4 5 |  5.2
Stealth        | 3 |  3.3
Fighting       | 4 |  4.8
Dodging        | 5 |  5.7
Invocations    | 1 2 |  2.1

Action                   |  1- 3 |  4- 6 || total
-------------------------+-------+-------++-------
Melee: Falchion          |    65 |       ||    65
       Long sword        |    33 |    89 ||   122
       Punch             |       |     1 ||     1
Invok: Divine Shield     |       |     1 ||     1
  Use: Potion            |       |     1 ||     1
 Stab: Sleeping          |     7 |       ||     7
Armor: Leather armour    |    37 |    56 ||    93
Dodge: Dodged            |    83 |    85 ||   168
Block: Other             |       |     2 ||     2

Table legend: (Time is in decaauts)
 A = Elapsed time spent in this place.
 B = Non-inter-level travel time spent in this place.
 C = Inter-level travel time spent in this place.
 D = Time resting spent in this place.
 E = Time spent auto-exploring this place.
 F = Levels seen in this place.
 G = Mean time per level.
                   A        B        C        D        E       F      G
               +--------+--------+--------+--------+--------+-----+--------+
         Total |   3127 |   2919 |    208 |    182 |   2248 |   4 |  781.8 |
       Dungeon |   3127 |   2919 |    208 |    182 |   2248 |   4 |  781.8 |
               +--------+--------+--------+--------+--------+-----+--------+

Top non-repeatable levels by time:
     D:2: 1084 daAuts
     D:1: 1026 daAuts
     D:3: 795 daAuts
     D:4: 221 daAuts
